 Dungeon Crawl Stone Soup version 0.27-a0-828-g8289197e94 (webtiles) character file.

Game seed: 7656640044701060408

445 dickylongcocking the Insei (level 7, -1/45 HPs)
             Began as an Octopode Transmuter on Mar 30, 2021.
             Slain by a gnoll
             ... wielding a +0 spear
              (8 damage)
             ... on level 4 of the Dungeon.
             The game lasted 00:03:29 (6928 turns).

dickylongcocking the Insei (Octopode Transmuter)    Turns: 6928, Time: 00:03:30

Health: -1/45      AC:  2    Str: 10    XL:     7   Next: 3%
Magic:  7/10       EV: 19    Int: 17    God:
Gold:   310        SH:  0    Dex: 17    Spells: 6/10 levels left

rFire    . . .     SeeInvis .     - Unarmed
rCold    . . .     Faith    .   (shield currently unavailable)
rNeg     . . .     Spirit   .   (helmet currently unavailable)
rPois    x         Reflect  .   (no amulet)
rElec    .         Harm     .   (no ring)
rCorr    .         Rampage  .   (no ring)
Will     .....                  (no ring)
Stlth    ++........             (no ring)
HPRegen  0.15/turn              (no ring)
MPRegen  0.12/turn              (no ring)
                                (no ring)
                                (no ring)

@: spider-form (expiring)
A: venomous fangs, almost no armour, (amphibious), 8 rings, tiny, (camouflage
1), (gelatinous body 1), (nimble swimmer 1), (tentacles)
a: End Transformation


You were on level 4 of the Dungeon.
You were a venomous arachnid creature.
You visited 1 branch of the dungeon, and saw 4 of its levels.

You collected 310 gold pieces.

Inventory:

Magical Staves
 d - a staff of conjuration
Scrolls
 a - a scroll of torment {unknown}
 b - a scroll of summoning {unknown}
 i - 2 scrolls of teleportation {unknown}
 j - a scroll of holy word {unknown}
 m - 2 scrolls of identify {unknown}
Potions
 c - 4 potions of attraction {unknown}
 e - a potion of degeneration {unknown}
 f - 3 potions of curing {unknown}
 g - a potion of lignification {unknown}
 k - 2 potions of heal wounds {unknown}
 l - a potion of resistance {unknown}


   Skills:
 * Level 2.4 Fighting
 - Level 2.0 Dodging
 * Level 6.9 Unarmed Combat
 - Level 2.0 Spellcasting
 - Level 2.0 Transmutations
 * Level 2.4 Poison Magic


You had 6 spell levels left.
You knew the following spells:

 Your Spells              Type           Power      Damage    Failure   Level
a - Beastly Appendage     Tmut           16%        N/A       22%         1
c - Spider Form           Tmut/Pois      4%         N/A       45%         3

Your spell library contained the following spells:

 Spells                   Type           Power      Damage    Failure   Level
 Wereblood                Tmut           8%         N/A       30%         2
 Animate Skeleton         Necr           2%         N/A       38%         1
 Apportation              Tloc           2%         N/A       38%         1
 Corona                   Hex            1%         N/A       38%         1
 Magic Dart               Conj           4%         1d3       38%         1
 Summon Small Mammal      Summ           4%         N/A       38%         1
 Blink                    Tloc           N/A        N/A       50%         2
 Call Imp                 Summ           1%         N/A       50%         2
 Slow                     Hex            1%         N/A       50%         2
 Mephitic Cloud           Conj/Pois/Air  4%         N/A       61%         3
 Conjure Flame            Conj/Fire      1%         6-21      71%         3
 Ice Form                 Ice/Tmut       5%         N/A       90%         4
 Hydra Form               Tmut           4%         N/A       98%         5


Dungeon Overview and Level Annotations

Branches:
Dungeon (4/15)
 Temple: D:4-7

Altars:
Yredelemnul

Shops:
D:3 **[


Innate Abilities, Weirdness & Mutations

You are a venomous arachnid creature.
You have poisonous fangs.
You are tiny and dextrous.
Your spellcasting is less reliable in this form.
Your armour is entirely melded.
You are incapable of wielding weapons or throwing items.
You cannot wear most types of armour.
((You are amphibious.))
You can wear up to eight rings at the same time.
((Your skin changes colour to match your surroundings (Stealth+).))
((Your rubbery body absorbs attacks. (AC +1, EV +1)))
((You are camouflaged near water. (Stealth+)))
((You have tentacles for arms and can constrict up to eight enemies at once.))


Message History

You barely miss the black bear.
The black bear is heavily wounded.
You constrict the black bear.
The black bear bites you but does no damage.
The black bear barely misses you. The black bear claws you.
* * * LOW HITPOINT WARNING * * *
You tentacle-slap the black bear.
The black bear is heavily wounded.
You constrict the black bear. You bludgeon the black bear!
The black bear is almost dead.
You constrict the black bear.
The black bear goes berserk!
You tentacle-slap the black bear. x2
You kill the black bear!
Your Poison Magic skill increases to level 2!
You have reached level 7!
You start resting.
A gnoll is nearby!
A gnoll is nearby!
A gnoll is nearby!
A gnoll is nearby!
Casting: Spider Form (quite dangerous; 24% risk of failure)
Confirm with . or Enter, or press ? or * to list all spells.
The spell is quite dangerous to cast (24% risk of failure)!
Continue anyway?
You turn into a venomous arachnid creature.
Your transformation is almost over.
The gnoll hits you with a +0 spear.
* * * LOW HITPOINT WARNING * * *
The gnoll shouts! x2
You bite the gnoll!
The gnoll is severely wounded.
The gnoll throws a throwing net.
The throwing net closely misses you. The gnoll barely misses you.
You hit the gnoll but do no damage.
The gnoll is severely wounded.
Unknown command.
You hit the gnoll.
The gnoll is poisoned.
The gnoll is almost dead.
The gnoll hits you with a +0 spear!
You die...

...[.......#........#....#.###
.#...........###.........#..##
#.#...........##.........##..#
#.##....#................#..##
#.###.........##....###......#
.## ##.......###.#####.......#
'# ##.#........### #.......#
.## ###..........###......##
#.######.......(sg...).......#
.###..##...........(.........#
.#...8.#................†..###
.'#.)).#..#.......#.......##
.'#....#.##......####g...##
.#...8.#....).##.. #.....#
.###..##....#.##.. ....#.##
#.##### ####. .##..#..... .##
##.##.....


You could see 2 gnolls.

Vanquished Creatures
  A black bear (D:4)
  A wyvern zombie (D:4)
  A gnoll shaman (D:3)
  2 hounds (D:4)
  7 gnolls
  3 adders
  3 worms (D:3)
  A dart slug (D:3)
  9 orcs
  4 ball pythons
  7 endoplasms
  A giant cockroach (D:4)
  7 hobgoblins
  8 jackals (D:3)
  3 quokkas
  2 bats
  5 frilled lizards
  2 gnoll zombies (D:2)
  7 goblins
  10 kobolds
  4 rats
88 creatures vanquished.

Vanquished Creatures (others)
  2 plants (D:3)
2 creatures vanquished.

Grand Total: 90 creatures vanquished

Notes
Turn   | Place    | Note
-------+----------+-------------------------------------------
     0 | D:1      | dickylongcocking the Octopode Transmuter began the quest
                  | for the Orb.
     0 | D:1      | Reached XP level 1. HP: 13/13 MP: 3/3
   546 | D:1      | Reached XP level 2. HP: 17/18 MP: 5/5
  1361 | D:2      | Reached skill level 4 in Unarmed Combat
  1386 | D:2      | Reached XP level 3. HP: 15/23 MP: 6/6
  1914 | D:2      | HP: 1/23 [goblin/+0 dagger (4)]
  2111 | D:2      | Learned a level 3 spell: Spider Form
  2996 | D:2      | Found a basalt altar of Yredelemnul.
  3111 | D:3      | Reached XP level 4. HP: 19/28 MP: 7/7
  3263 | D:3      | Found Keymud's Antique Armour Boutique.
  3469 | D:3      | Found Ysafote's General Store.
  3478 | D:3      | Reached skill level 5 in Unarmed Combat
  4063 | D:3      | Found Muuvas's Assorted Antiques.
  4384 | D:4      | Reached XP level 5. HP: 21/33 MP: 8/8
  4403 | D:4      | Reached skill level 6 in Unarmed Combat
  5560 | D:3      | HP: 1/33 [gnoll/+0 halberd (13)]
  5563 | D:3      | Reached XP level 6. HP: 1/38 MP: 3/9
  6003 | D:3      | Reached skill level 1 in Poison Magic
  6893 | D:4      | Noticed a black bear
  6907 | D:4      | Killed a black bear
  6908 | D:4      | Reached XP level 7. HP: 9/45 MP: 10/10
  6928 | D:4      | Slain by a gnoll

Illustrated notes

Levels and vault maps discovered:
D:1:      ncdulo_halloftheorcs, layout_loops_ring, nrook_uturn
D:2:      layout_loops_ring, lemuel_zombie_altar_yredelemnul,
          lightli_corner_chamber
D:3:      layout_basic, serial_shops, shop, nicolae_shop_overgrown_old_shop,
          nicolae_shop_behind_doors, minmay_cut_off
D:4:      layout_cave_pools, minmay_temple_entry_junction, wad_orctagon

Skill      XL: |  1  2  3  4  5  6 |
---------------+-------------------+-----
Unarmed Combat | 4 5 6 |  6.9
Poison Magic   | 2 |  2.4
Fighting       | 2 |  2.4
Dodging        | |  2.0
Spellcasting   | |  2.0
Transmutations | |  2.0

Action                   |  1- 3 |  4- 6 |  7- 9 || total
-------------------------+-------+-------+-------++-------
Melee: Unarmed           |   105 |   135 |     3 ||   243
       Constrict         |    24 |    27 |       ||    51
       Tentacles         |    14 |    16 |       ||    30
       Punch             |     5 |     7 |       ||    12
       Kick              |     1 |     2 |       ||     3
 Cast: Beastly Appendage |     4 |     1 |       ||     5
       Spider Form       |       |     8 |     1 ||     9
  Use: Scroll            |       |     2 |       ||     2
 Stab: Sleeping          |     7 |     4 |       ||    11
Armor: Skin              |     4 |     8 |       ||    12
Dodge: Dodged            |    52 |   114 |     2 ||   168

Table legend: (Time is in decaauts)
 A = Elapsed time spent in this place.
 B = Non-inter-level travel time spent in this place.
 C = Inter-level travel time spent in this place.
 D = Time resting spent in this place.
 E = Time spent auto-exploring this place.
 F = Levels seen in this place.
 G = Mean time per level.
                   A        B        C        D        E       F      G
               +--------+--------+--------+--------+--------+-----+--------+
         Total |   6913 |   6783 |    130 |   2314 |   3698 |   4 | 1728.2 |
       Dungeon |   6913 |   6783 |    130 |   2314 |   3698 |   4 | 1728.2 |
               +--------+--------+--------+--------+--------+-----+--------+

Top non-repeatable levels by time:
     D:3: 2910 daAuts
     D:2: 1686 daAuts
     D:1: 1347 daAuts
     D:4: 969 daAuts
